 Dungeon Crawl Stone Soup version 0.29.0-7-g18a832c13a (webtiles) character file.

Game seed: 9771696616700822421

18464 Ijustatesigmund the Cleaver (level 12, -8/113 HPs)
             Began as a Hill Orc Fighter on Sept 1, 2022.
             Was an Elder of Cheibriados.
             Mangled by a catoblepas (10 damage)
             ... on level 12 of the Dungeon.
             The game lasted 00:32:33 (15518 turns).

Ijustatesigmund the Cleaver (Hill Orc Fighter)     Turns: 15518, Time: 00:32:33

Health: -8/113     AC: 18    Str: 35    XL:     12   Next: 58%
Magic:  21/21      EV: 15    Int: 17    God:    Cheibriados [****..]
Gold:   184        SH: 12    Dex: 19    Spells: 11/11 levels left

rFire   . . .      SeeInvis +   a - +2 war axe
rCold   + + .      Faith    .   c - +1 kite shield
rNeg    . . .      Spirit   .   i - +0 ice dragon scales
rPois   .          Reflect  .   p - +2 helmet
rElec   .          Harm     .   o - +0 cloak "Udiet" {Str+2 SInv}
rCorr   .          Rampage  .   f - +0 pair of gloves
Will    +....                   (no boots)
Stlth   ..........              (no amulet)
HPRegen 0.28/turn               A - ring of willpower
MPRegen 0.17/turn               y - +4 ring of evasion

@: mighty, very slow
A: fire resistance 1
a: Renounce Religion, Bend Time, Temporal Distortion, Slouch


You were on level 12 of the Dungeon.
You worshipped Cheibriados.
Cheibriados was greatly pleased with you.
You visited 2 branches of the dungeon, and saw 13 of its levels.

You collected 684 gold pieces.
You spent 500 gold pieces at shops.

Inventory:

Hand Weapons
 a - a +2 war axe (weapon)
 z - a +0 morningstar
Missiles
 e - 2 throwing nets (quivered)
Armour
 b - a +0 plate armour
 c - a +1 kite shield (worn)
 f - a +0 pair of gloves (worn)
 i - +0 ice dragon scales (worn)
 o - the +0 cloak "Udiet" (worn) {Str+2 SInv}
   (You found it on level 3 of the Dungeon)

   Str:       It affects your strength (+2).
   SInv:      It lets you see invisible.
 p - a +2 helmet (worn)
 r - a +1 cloak of preservation
 u - a +1 cloak of poison resistance
Jewellery
 h - a ring of flight
 j - an amulet of faith
 y - a +4 ring of evasion (right hand)
 A - a ring of willpower (left hand)
 E - a ring of protection from cold
Wands
 g - a wand of mindburst (1)
 m - a wand of flame (4)
 w - a wand of roots (8)
 C - a wand of polymorph (14)
 I - a wand of charming (5)
Scrolls
 v - 2 scrolls of immolation
 x - 2 scrolls of noise
 D - a scroll of magic mapping
Potions
 k - a potion of curing
 l - a potion of cancellation
 n - 3 potions of ambrosia
 q - 4 potions of mutation
 t - 3 potions of flight
 B - 4 potions of attraction
 H - a potion of invisibility
Miscellaneous
 F - a condenser vane


   Skills:
 + Level 12.7 Fighting
 - Level 13.6 Axes
 + Level 8.4 Armour
 - Level 3.8 Dodging
 - Level 6.2 Shields
 + Level 12.1 Invocations
 - Level 4.8 Evocations


You had 11 spell levels left.
You didn't know any spells.
Your spell library contained the following spells:

 Spells                   Type           Power      Damage    Failure   Level
 Necrotise                Necr           0%         1d4       77%         1
 Slow                     Hex            0%         N/A       77%         1
 Ensorcelled Hibernation  Hex/Ice        0%         N/A       88%         2
 Sublimation of Blood     Necr           0%         N/A       88%         2
 Confusing Touch          Hex            0%         N/A       98%         3
 Gell's Gravitas          Tloc           0%         N/A       98%         3
 Spider Form              Tmut/Pois      0%         N/A       98%         3
 Teleport Other           Tloc           0%         N/A       98%         3
 Vampiric Draining        Necr           0%         2d6       98%         3
 Anguish                  Hex/Necr       0%         N/A       100%        4
 Olgreb's Toxic Radiance  Pois           0%         N/A       100%        4
 Petrify                  Tmut/Erth      0%         N/A       100%        4
 Agony                    Necr           0%         N/A       100%        5
 Borgnjor's Vile Clutch   Necr/Erth      0%         N/A       100%        5
 Irradiate                Conj/Tmut      0%         3d11      100%        5
 Dispersal                Tloc           0%         N/A       100%        6
 Monstrous Menagerie      Summ           0%         N/A       100%        7
 Ozocubu's Refrigeration  Ice            0%         4d7       100%        7
 Ignition                 Fire           0%         3d3       100%        8
 Necromutation            Tmut/Necr      0%         N/A       100%        8


Dungeon Overview and Level Annotations

Branches:
Dungeon (12/15)            Temple (1/1) D:5            Lair (0/5) D:8
    Orc (0/2) D:9

Altars:
Ashenzari
Cheibriados
Dithmenos
Elyvilon
Fedhas
Gozag
Hepliaklqana
Kikubaaqudgha
Makhleb
Nemelex Xobeh
Okawaru
Qazlal
Ru
Sif Muna
Trog
Uskayaw
Vehumet
Wu Jian
Xom
Yredelemnul
Zin
The Shining One

Shops:
D:6 !   D:8 [   D:12 !


Innate Abilities, Weirdness & Mutations

Your flesh is heat resistant. (rF+)


Message History

The yak gores you. The catoblepas gores you!
The yak gores you but does no damage. The catoblepas gores you!!
The yak gores you but does no damage. The catoblepas gores you!!
The yak gores you but does no damage.
The catoblepas gores you but does no damage.
The yak gores you but does no damage.
The catoblepas breathes a plume of calcifying dust at you.
The blast of calcifying dust hits you but does no damage.
The yak gores you but does no damage.
You are engulfed in calcifying dust.
The catoblepas gores you! The yak gores you but does no damage.
You are engulfed in calcifying dust.
The catoblepas gores you but does no damage.
The yak gores you!
You turn to flesh and can move again.
The catoblepas gores you!! The catoblepas misses you.
You feel very mighty all of a sudden.
The yak is engulfed in calcifying dust.
The yak is moving more slowly.
You block the yak's attack. You block the catoblepas's attack.
You barely miss the catoblepas.
The catoblepas is lightly wounded.
You slash the yak! The yak gores you! The catoblepas completely misses you.
You slice the catoblepas!!
The catoblepas is heavily wounded.
You hit the yak. You block the yak's attack. The catoblepas closely misses you.
You slice the catoblepas!!
The catoblepas is severely wounded.
You catch the helpless yak completely off-guard!
You slash the yak! The yak gores you but does no damage.
The catoblepas gores you!!
* * * LOW HITPOINT WARNING * * *
You hit the catoblepas but do no damage.
The catoblepas is severely wounded.
You slash the yak! You block the yak's attack. The catoblepas gores you!!
* * * LOW HITPOINT WARNING * * *
You hit the catoblepas.
The catoblepas is severely wounded.
You slash the yak! The yak gores you but does no damage.
The catoblepas gores you!
You die...

...##.## #.[[##.##.####........(#
...##..###.#....##.##.....###.#.#
...........#....##.##.##### #...#
...#####..............# ##..##
.........#......#.....######.....
..########.#........#.##.....###.
..# #.#.....#.#.....#######. ###
#.####.............###..
#..###Y@..######.#..##.#
##.##.Y.#.# ##.......#
###......#.### #..)....##
####......#..(..###.........
##....####.###.#...........#.
#..#######..##)####..........
####.##.........................
#..†.#..[...........###.......##
##.###.#######....[#######.......


You could see a catoblepas and a yak (petrifying).

Vanquished Creatures
  An ice dragon (D:12)
  A boulder beetle (D:11)
  A rakshasa (D:12)
  2 two-headed ogres (D:10)
  Erica (D:8)
  Pikel (D:9)
  A deep elf pyromancer (D:12)
  A manticore (D:12)
  Maurice (D:8)
  4 cyclopes
  A gargoyle (D:12)
  Psyche (D:9)
  An unseen horror (D:12)
  A kobold demonologist (D:11)
  3 trolls
  A queen bee (D:11)
  Prince Ribbit (D:8)
  7 meliai
  2 shadows
  A wyvern (D:11)
  A vampire (D:12)
  2 wraiths
  Eustachio (D:6)
  The ghost of tabo the Chopper, an amateur HOMo (D:3)
  11 yaks
  A redback (shapeshifter) (D:12)
  A warg (D:9)
  3 acid dragons
  A water moccasin (D:7)
  8 orc warriors
  3 ice beasts
  A black bear (D:5)
  4 centaurs
  2 phantoms
  A lemure (D:9)
  A bullfrog (D:6)
  A gnoll sergeant (D:8)
  A scorpion (D:4)
  3 wights (D:8)
  27 killer bees
  A howler monkey (D:12)
  8 crimson imps (D:10)
  6 hounds
  Crazy Yiuf (D:5)
  18 orc priests
  A jelly (D:5)
  A gnoll bouda (D:8)
  4 iguanas
  12 orc wizards
  14 gnolls
  4 adders
  5 shadow imps
  A white imp (D:5)
  2 ufetubi
  A worm (D:3)
  5 dart slugs
  53 orcs
  8 endoplasms
  2 giant cockroaches
  7 hobgoblins
  11 jackals
  7 quokkas
  7 ball pythons
  6 bats
  3 frilled lizards
  8 goblins
  7 kobolds
  2 rats
312 creatures vanquished.

Vanquished Creatures (others)
  A killer bee (D:12)
  3 fungi (D:8)
  A plant (D:8)
5 creatures vanquished.

Grand Total: 317 creatures vanquished

Notes
Turn   | Place    | Note
-------+----------+-------------------------------------------
     0 | D:1      | Ijustatesigmund the Hill Orc Fighter began the quest for
                  | the Orb.
     0 | D:1      | Reached XP level 1. HP: 19/19 MP: 1/1
    28 | D:1      | Reached skill level 3 in Axes
   147 | D:1      | Reached XP level 2. HP: 26/26 MP: 2/2
   267 | D:1      | Reached skill level 4 in Axes
   519 | D:1      | Reached XP level 3. HP: 30/31 MP: 3/3
   791 | D:1      | Found a faded altar of an unknown god.
   884 | D:1      | Reached skill level 5 in Axes
  1101 | D:2      | Reached XP level 4. HP: 39/39 MP: 4/4
  1141 | D:2      | Reached skill level 6 in Axes
  1914 | D:3      | Reached XP level 5. HP: 42/46 MP: 5/5
  1954 | D:3      | Found a hide-covered altar of Uskayaw.
  2107 | D:3      | Found a runed translucent gate.
  2107 | D:3      | Found a runed translucent gate.
  2109 | D:3      | Found a runed translucent gate.
  2367 | D:3      | Identified the +0 cloak "Udiet" {Str+2 SInv}
  2424 | D:3      | Noticed tabo's ghost (amateur HOMo)
  2521 | D:4      | Reached XP level 6. HP: 51/53 MP: 6/6
  2557 | D:4      | Reached skill level 7 in Axes
  2614 | D:4      | Reached skill level 5 in Fighting
  3320 | D:5      | Entered Level 5 of the Dungeon
  3326 | D:5      | Reached XP level 7. HP: 54/61 MP: 7/7
  3571 | D:5      | Reached skill level 5 in Armour
  3577 | D:5      | Reached skill level 8 in Axes
  3737 | D:5      | Found a radiant altar of Vehumet.
  3746 | D:5      | Found a blossoming altar of Fedhas.
  3777 | D:5      | Found a staircase to the Ecumenical Temple.
  3811 | Temple   | Entered the Ecumenical Temple
  4025 | D:5      | Found a runed translucent door.
  4026 | D:5      | Noticed Crazy Yiuf
  4033 | D:5      | Killed Crazy Yiuf
  4148 | D:6      | Reached XP level 8. HP: 70/71 MP: 8/8
  4333 | D:6      | Reached skill level 9 in Axes
  4464 | D:6      | Found Paani's Distillery.
  4491 | D:6      | Bought a potion of heal wounds for 65 gold pieces
  4491 | D:6      | Bought a potion of curing for 39 gold pieces
  4561 | D:6      | Noticed Eustachio
  4589 | D:6      | Killed Eustachio
  5083 | D:3      | Killed tabo's ghost
  5200 | D:7      | Found a snail-covered altar of Cheibriados.
  5203 | D:7      | Found a basalt altar of Yredelemnul.
  5238 | D:7      | Reached XP level 9. HP: 53/81 MP: 9/9
  5246 | D:7      | Reached skill level 10 in Axes
  5490 | D:7      | Became a worshipper of Cheibriados the Contemplative
  5587 | D:7      | Reached skill level 1 in Invocations
  5777 | D:7      | Found a sparkling altar of Nemelex Xobeh.
  5779 | D:7      | Got Tuushror's Omnibus of Creation and Black Arts
  5782 | D:7      | Found a burning altar of Makhleb.
  5786 | D:7      | Found an opulent altar of Gozag.
  5862 | D:7      | Found a white marble altar of Elyvilon.
  5893 | D:8      | Noticed Maurice
  6294 | D:8      | Noticed Erica
  6313 | D:8      | Killed Erica
  6314 | D:8      | Reached skill level 11 in Axes
  6574 | D:8      | Found a staircase to the Lair.
  6592 | D:8      | Found Migyssy's Armour Emporium.
  6626 | D:8      | Killed Maurice
  6627 | D:8      | Reached skill level 5 in Invocations
  6680 | D:8      | Reached XP level 10. HP: 76/91 MP: 14/14
  6771 | D:8      | Reached * piety under Cheibriados
  6772 | D:8      | Reached skill level 10 in Fighting
  6774 | D:8      | Noticed Prince Ribbit
  6791 | D:8      | Killed Prince Ribbit
  7118 | D:8      | You fall into a shaft and drop 2 floors!
  7118 | D:10     | Entered Level 10 of the Dungeon
  7190 | D:10     | Noticed a two-headed ogre
  7198 | D:10     | Killed a two-headed ogre
  7199 | D:10     | Reached skill level 12 in Axes
  8455 | D:9      | Noticed Psyche
  8468 | D:9      | Killed Psyche
  8469 | D:9      | Reached skill level 1 in Evocations
  8605 | D:9      | Noticed Pikel
  8625 | D:9      | Killed Pikel
  8796 | D:9      | Reached ** piety under Cheibriados
  8955 | D:9      | Found a staircase to the Orcish Mines.
  9157 | D:9      | Found a sacrificial altar of Ru.
  9728 | D:8      | Reached skill level 13 in Axes
  9861 | D:8      | Reached XP level 11. HP: 102/102 MP: 17/17
 10239 | D:10     | Noticed a two-headed ogre
 10247 | D:10     | Killed a two-headed ogre
 10251 | D:10     | Reached *** piety under Cheibriados
 10874 | D:11     | Noticed a cyclops
 10883 | D:11     | Killed a cyclops
 11200 | D:11     | Noticed a boulder beetle
 11235 | D:11     | Killed a boulder beetle
 11236 | D:11     | Reached skill level 1 in Dodging
 11826 | D:12     | Reached **** piety under Cheibriados
 11899 | D:12     | Noticed a cyclops
 11905 | D:12     | Killed a cyclops
 11906 | D:12     | Reached skill level 10 in Invocations
 11939 | D:12     | Noticed a cyclops
 12325 | D:12     | Killed a cyclops
 12397 | D:12     | Reached skill level 5 in Shields
 12457 | D:12     | Found Osuisot's Distillery.
 12465 | D:12     | Bought a potion of mutation for 88 gold pieces
 12465 | D:12     | Bought a potion of might for 44 gold pieces
 12465 | D:12     | Bought 2 potions of invisibility for 176 gold pieces
 12465 | D:12     | Bought a potion of curing for 33 gold pieces
 12465 | D:12     | Bought a potion of heal wounds for 55 gold pieces
 12465 | D:12     | Gained mutation: Your flesh is heat resistant. (rF+)
                  | [potion of mutation]
 12465 | D:12     | Gained mutation: You are resistant to electric shocks.
                  | (rElec) [potion of mutation]
 12465 | D:12     | Lost mutation: You are resistant to electric shocks.
                  | (rElec) [potion of mutation]
 12498 | D:12     | Noticed a cyclops
 12498 | D:12     | Noticed a rakshasa
 12499 | D:12     | Noticed a five-headed hydra
 12702 | D:12     | Reached XP level 12. HP: 105/112 MP: 18/20
 13103 | D:12     | Noticed an ice dragon
 13132 | D:12     | Killed an ice dragon
 14395 | D:12     | Killed a rakshasa
 14395 | D:12     | Reached ***** piety under Cheibriados
 15444 | D:12     | Noticed a catoblepas
 15517 | D:12     | HP: 1/113 [catoblepas (20)]
 15518 | D:12     | Mangled by a catoblepas

Illustrated notes

Levels and vault maps discovered:
D:1:      dpeg_arrival_rooms_b, layout_loops_ring,
          chequers_ecumenical_altar_simple_redux
D:2:      layout_basic, amcnicky_mini_corridor_feature
D:3:      layout_loops_ring, lemuel_crystal_altar, ebering_ghost_rock_garden,
          chequers_serial_rivers_micro_e, grunt_ministairs_2
D:4:      layout_cave_pools
D:5:      layout_basic, mainiacjoe_overflow_swirl,
          minmay_temple_entry_butterflies, hangedman_decor_points,
          uniq_crazy_yiuf_cottage
D:6:      layout_rooms, serial_shops, shop, uniq_eustachio
D:7:      layout_cave_pools, mainiacjoe_overflow_catwalk_spiral,
          kennysheep_mini, minitemple
D:8:      layout_cave_pools, dpeg_oklobed_lair, serial_shops, shop,
          minmay_misc_feat_doors, uniq_prince_ribbit1, uniq_erica, uniq_maurice
D:9:      layout_loops_ring, nicolae_ru_the_path_less_chosen, erik_orc_4,
          uniq_pikel, uniq_psyche
D:10:     layout_grid_maze, minmay_nine_imps
D:11:     layout_roguey
D:12:     regret_index_combs_of_tragedy, layout_rooms, serial_shops,
          nicolae_diamond_shop
Temple:   hellmonk_temple_flake

Skill      XL: |  1  2  3  4  5  6  7  8  9 10 11 12 |
---------------+-------------------------------------+-----
Axes           | 3 4 5 6 7 8 9 11 13 | 13.6
Fighting       | 4 5 6 8 9 11 12 | 12.7
Armour         | 4 5 7 8 |  8.4
Invocations    | 5 8 10 12 | 12.1
Evocations     | 2 4 |  4.8
Dodging        | 3 |  3.8
Shields        | 5 6 |  6.2

Action                   |  1- 3 |  4- 6 |  7- 9 | 10-12 || total
-------------------------+-------+-------+-------+-------++-------
Melee: War axe           |    96 |   169 |   227 |   484 ||   976
Invok: Slouch            |       |       |       |     4 ||     4
Evoke: Wand              |       |       |     6 |    16 ||    22
  Use: Scroll            |     6 |     6 |     2 |    21 ||    35
       Potion            |       |       |     6 |    13 ||    19
 Stab: Petrifying        |       |       |       |     1 ||     1
Armor: Scale mail        |    61 |    18 |       |       ||    79
       Plate armour      |       |    81 |   146 |   193 ||   420
       Ice dragon scales |       |       |       |    72 ||    72
Dodge: Dodged            |    30 |    63 |    64 |   242 ||   399
Block: Buckler           |    16 |    41 |    64 |    64 ||   185
       Kite shield       |       |       |       |   195 ||   195
